Map: Dusk Towers

Players

Pokebunny

  • Race: Terran Terran
  • League: Grandmaster

HuK - Winner!

  • Race: Protoss Protoss
  • League: Grandmaster

VOD

Have the link to the VOD?

Description

Time

  • Played on: April 7, 2016, 7:14 p.m.
  • Length: 11:12
Show
View Real Time Build Order
Export as new Build Order

Pokebunny Terran 

Build Orders: Reaper Expand, Bio Tank 

Get SALT Encoding   

  12  0:00  SCV  
  13  0:13  SCV  
  14  0:17  Supply Depot  
  14  0:25  SCV  
  15  0:39  SCV  
  15  0:40  Barracks  
  16  0:44  Refinery  
  16  0:51  SCV  
  17  1:03  SCV  
  18  1:15  SCV  
  19  1:28  Orbital Command, Reaper  
  20  1:39  Command Center  
  20  1:45  Supply Depot  
  20  1:53  SCV  
  21  1:59  Marine  
  22  2:05  SCV  
  22  2:06  Factory  
  23  2:15  Refinery  
  23  2:17  Marine  
  23  2:18  SCV  
  25  2:30  SCV  
  25  2:36  Barracks Reactor  
  26  2:42  SCV  
  27  2:55  Hellion  
  27  2:56  Orbital Command  
  27  2:57  SCV  
  27  2:58  Starport  
  28  3:18  Widow Mine, Marine  
  28  3:19  Marine  
  32  3:22  SCV  
  32  3:23  SCV  
  34  3:37  Marine x2  
  33  3:43  SCV  
  33  3:44  SCV  
  33  3:45  Medivac  
  33  3:47  Barracks  
  36  3:49  Factory Reactor, Supply Depot  
  36  3:50  Factory Tech Lab, Barracks  
  35  3:57  Marine x2  
  37  4:05  SCV x2  
  37  4:09  Supply Depot  
  39  4:10  Siege Tank  
  42  4:20  Marine x2  
  42  4:21  Medivac  
  46  4:24  SCV  
  46  4:25  Supply Depot  
  46  4:26  SCV  
  48  4:33  Engineering Bay  
  48  4:36  Refinery  
  48  4:40  Barracks Tech Lab  
  48  4:41  Barracks Reactor  
  48  4:42  Marine x2  
  48  4:45  SCV  
  51  4:46  SCV  
  51  4:51  Siege Tank  
  55  5:04  Combat Shields, Marine x3  
  55  5:06  SCV x2  
  57  5:18  SCV x2  
  57  5:20  Marine  
  57  5:21  Marine  
  61  5:22  Marine x3  
  61  5:24  Supply Depot  
  61  5:28  Missile Turret  
  64  5:29  Missile Turret  
  64  5:30  SCV  
  64  5:31  SCV  
  64  5:35  Siege Tank  
  69  5:44  Supply Depot  
  69  5:45  Medivac  
  69  5:49  Marine x3  
  66  5:51  Marine  
  66  5:53  Marine  
  66  5:56  SCV x2  
  71  6:05  Supply Depot  
  71  6:06  Terran Infantry Weapons Level 1  
  71  6:07  Siege Tank  
  74  6:12  Marine  
  74  6:13  Marine x3  
  74  6:14  Marine  
  74  6:16  SCV  
  80  6:19  Medivac  
  80  6:23  Supply Depot  
  79  6:35  Marine x4, Stimpack  
  79  6:36  Marine  
  83  6:40  Supply Depot  
  70  6:58  Marine x3  
  65  7:01  Siege Tank  
  65  7:02  Marine x2, Medivac  
  65  7:07  SCV x2  
  74  7:10  Command Center  
  74  7:17  Marine x3  
  74  7:19  SCV x2  
  74  7:20  Marine x2  
  81  7:32  Medivac  
  81  7:33  Siege Tank  
  81  7:35  Marine x3  
  89  7:38  Marine x2  
  89  7:42  Barracks  
  89  7:44  Barracks  
  91  7:46  SCV x2  
  93  8:00  SCV x2  
  93  8:01  Terran Infantry Armor Level 1  
  93  8:02  Refinery, Marine x3  
  93  8:03  Marine, Marauder  
  101  8:06  Siege Tank  
  101  8:12  Supply Depot  
  104  8:13  Supply Depot  
  104  8:16  SCV x2  
  104  8:32  Marine x4, Barracks Tech Lab x2, Marauder  
  110  8:35  SCV x2  
  110  8:40  Refinery  
  110  8:41  Siege Tank  
  101  8:55  SCV  
  101  8:56  SCV x2  
  101  9:00  Starport Reactor, Marine x3, Marauder  
  101  9:01  Marine, Marauder  
  112  9:04  Concussive Shells  
  112  9:07  Marauder  
  114  9:10  SCV x2  
  114  9:13  Orbital Command  
  116  9:18  Siege Tank  
  119  9:24  Supply Depot  
  119  9:29  Marine x2  
  119  9:30  Marine x2  
  119  9:31  Marauder  
  124  9:40  Supply Depot  
  124  9:41  Supply Depot  
  124  9:44  Marine  
  124  9:45  Marauder  
  126  9:47  Marine  
  126  9:52  Marauder  
  129  9:55  Marine x3  
  131  10:03  Marauder  
  131  10:05  Marine  
  131  10:06  Marauder  
  131  10:12  Marine  
  131  10:14  Marauder  
  104  10:16  Marine x2  
  104  10:17  Medivac  
  85  10:23  Marine  
  85  10:24  Marauder  
  85  10:26  Siege Tank, Medivac  
  85  10:28  Marauder  
  87  10:29  SCV x2  
  87  10:31  SCV  
  90  10:38  Marine x2  
  90  10:39  Marauder  
  90  10:40  Marine  
  95  10:46  Marauder  
  95  10:47  SCV x3  
Show
View Real Time Build Order
Export as new Build Order

HuK Protoss - Winner!

Build Orders: 1 Gate Expand, Blink Stalkers 

Get SALT Encoding   

  12  0:01  Probe (Chrono Boost)  
  13  0:11  Probe (Chrono Boost)  
  14  0:18  Pylon  
  14  0:22  Probe (Chrono Boost)  
  15  0:36  Probe (Chrono Boost)  
  15  0:38  Gateway  
  15  0:42  Assimilator  
  16  0:46  Probe (Chrono Boost)  
  17  0:57  Probe (Chrono Boost)  
  18  1:08  Probe (Chrono Boost)  
  20  1:18  Probe (Chrono Boost)  
  20  1:25  Cybernetics Core  
  20  1:29  Probe (Chrono Boost)  
  21  1:34  Nexus  
  21  1:39  Probe (Chrono Boost)  
  22  1:43  Pylon  
  22  1:49  Assimilator  
  22  1:50  Probe (Chrono Boost)  
  23  2:01  Adept (Chrono Boost), Warp Gate  
  25  2:02  Probe  
  26  2:15  Probe  
  27  2:25  Adept (Chrono Boost)  
  29  2:39  Probe  
  29  2:51  Probe (Chrono Boost)  
  29  2:55  Probe (Chrono Boost)  
  30  3:03  Probe (Chrono Boost)  
  30  3:05  Twilight Council  
  31  3:08  Gateway  
  31  3:09  Gateway  
  31  3:16  Probe (Chrono Boost)  
  33  3:22  Mothership Core (Chrono Boost)  
  33  3:27  Probe (Chrono Boost), Robotics Facility  
  35  3:32  Pylon  
  33  3:37  Probe (Chrono Boost)  
  35  3:41  Probe (Chrono Boost)  
  35  3:44  Blink (Chrono Boost)  
  35  3:48  Probe (Chrono Boost)  
  36  3:52  Pylon, Probe (Chrono Boost)  
  36  3:55  Pylon  
  37  3:58  Probe (Chrono Boost)  
  37  4:02  Probe (Chrono Boost)  
  39  4:08  Probe (Chrono Boost)  
  38  4:11  Forge  
  38  4:13  Probe  
  38  4:15  Sentry  
  38  4:16  Stalker  
  43  4:19  Observer  
  43  4:20  Probe  
  45  4:25  Probe  
  45  4:27  Assimilator  
  45  4:28  Stalker  
  45  4:31  Assimilator, Probe  
  48  4:34  Pylon  
  50  4:38  Probe  
  50  4:41  Observer, Probe  
  52  4:50  Probe  
  53  4:53  Stalker  
  53  5:02  Stalker  
  55  5:08  Stalker  
  57  5:17  Probe  
  57  5:20  Pylon  
  58  5:22  Protoss Ground Weapons Level 1 (Chrono Boost)  
  58  5:29  Probe  
  58  5:31  Probe  
  58  5:34  Resonating Glaives (Chrono Boost)  
  60  5:41  Probe  
  65  5:50  Immortal (Chrono Boost)  
  65  5:52  Adept x3  
  65  5:55  Gateway  
  71  6:02  Gateway  
  71  6:03  Gateway  
  71  6:05  Pylon  
  71  6:14  Adept  
  71  6:15  Adept x2  
  77  6:28  Immortal (Chrono Boost)  
  69  7:01  Stalker x3  
  61  7:02  Protoss Ground Weapons Level 2  
  61  7:03  Warp Prism (Chrono Boost)  
  65  7:11  Adept x3  
  71  7:17  Pylon  
  71  7:24  Gateway  
  71  7:29  Stalker x3  
  77  7:31  Nexus  
  77  7:35  Pylon  
  77  7:42  Adept x3  
  83  7:52  Pylon  
  83  7:53  Sentry x2  
  88  7:59  Observer (Chrono Boost)  
  88  8:10  Templar Archives  
  88  8:11  Probe  
  88  8:12  Probe  
  94  8:27  Immortal (Chrono Boost)  
  94  8:29  Adept  
  94  8:30  Adept x5  
  94  8:32  Adept  
  108  8:50  Psionic Storm  
  106  9:01  Immortal  
  106  9:03  High Templar  
  106  9:07  High Templar  
  110  9:17  Adept x4  
  110  9:18  Adept  
  110  9:21  Gateway  
  120  9:25  Gateway  
  120  9:36  Pylon  
  120  9:37  Pylon  
  118  9:44  Adept x3  
  124  9:48  Pylon x2  
  120  10:00  Adept  
  120  10:01  Adept  
  120  10:06  Adept  
  122  10:07  Adept x2  
  122  10:08  Adept x2  
  112  10:16  Archon  
  102  10:23  Stalker x2  
  104  10:31  Probe x2  
  104  10:32  Adept  
  108  10:38  Adept  
  108  10:39  Adept x4  
  108  10:41  Probe  
  119  10:43  Assimilator  
  119  10:45  Assimilator  
  119  10:55  Adept  
  119  10:56  Adept x2  
  111  11:01  Adept x3  
Tags
 
Add a new tag
Caveats
  • Supply blocks, unpowered buildings, or Contaminate may cause inaccurate times.
  • Supply counts are checked every 10 seconds.